 Dungeon Crawl Stone Soup version 0.29.0-7-g18a832c13a (webtiles) character file.

Game seed: 5580104637159740202

3979 smilodon the Fighter (level 10, -6/166 HPs)
             Began as an Ogre Berserker on Aug 31, 2022.
             Was a Priest of Trog.
             Mangled by a gnoll sergeant
             ... wielding a +3 trident of venom
              (9 damage)
             ... on level 7 of the Dungeon.
             The game lasted 00:29:48 (11069 turns).

smilodon the Fighter (Ogre Berserker)              Turns: 11069, Time: 00:29:50

Health: -6/166     AC:  7    Str: 40    XL:     10   Next: 22%
Magic:  10/10      EV: 10    Int: 10    God:    Trog [***...]
Gold:   393        SH:  0    Dex:  5    Spells: 9/9 levels left

rFire   . . .      SeeInvis .   B - +3 dire flail (protect)
rCold   + . .      Faith    +   (shield currently unavailable)
rNeg    + . .      Spirit   .   D - +2 robe {rC+}
rPois   .          Reflect  .   (helmet restricted)
rElec   .          Harm     .   (no cloak)
rCorr   .          Rampage  .   (gloves unavailable)
Will    +++..                   (boots unavailable)
Stlth   ..........              q - amulet of faith
HPRegen 1.37/turn               m - ring of positive energy
MPRegen 0.12/turn               u - +6 ring of strength

@: berserking, lethally poisoned (-6 -> -14), strong-willed, regenerating,
hasted, studying Staves, very quick
A: large, unfitting armour, tough skin 1, iridescent scales 1, clever 1, strong
2
a: Renounce Religion, Berserk, Trog's Hand


You were on level 7 of the Dungeon.
You worshipped Trog.
Trog was most pleased with you.
You visited 1 branch of the dungeon, and saw 10 of its levels.

You collected 393 gold pieces.

Inventory:

Hand Weapons
 e - a +0 dagger of venom
 h - a +0 giant club
 z - a +3 morningstar of freezing
 A - a +3 flail of freezing
 B - a +3 dire flail of protection (weapon)
 M - a +0 dagger of chaos
Missiles
 d - 4 curare-tipped darts (quivered)
 k - 13 poisoned darts
 s - 7 boomerangs
 t - a throwing net
 x - 41 stones
Armour
 a - +0 steam dragon scales
 D - a +2 robe of cold resistance (worn)
Jewellery
 m - a ring of positive energy (left hand)
 q - an amulet of faith (around neck)
 u - a +6 ring of strength (right hand)
 w - a ring of ice
 y - an amulet of magic regeneration
 H - a ring of protection from cold
 I - a ring of fire
Wands
 p - a wand of polymorph (11)
Scrolls
 g - a scroll of magic mapping
 o - 3 scrolls of identify
 C - a scroll of torment
 L - a scroll of amnesia {unknown}
Potions
 f - 2 potions of brilliance
 n - a potion of lignification
 E - a potion of haste
 F - 2 potions of attraction
 G - a potion of flight {unknown}
 J - a potion of ambrosia {unknown}
 K - a potion of berserk rage {unknown}


   Skills:
 + Level 10.5 Fighting
 + Level 9.1 Maces & Flails
 * Level 8.0 Dodging


You had 9 spell levels left.
You didn't know any spells.
Your spell library contained the following spells:

 Spells                   Type           Power      Damage    Failure   Level
 Sting                    Tmut/Pois      0%         1d3       36%         1
 Poisonous Vapours        Pois/Air       0%         N/A       50%         2
 Static Discharge         Conj/Air       0%         3-3/arc   50%         2
 Ozocubu's Armour         Ice            0%         N/A       75%         3
 Dispel Undead            Necr           0%         3d6       98%         4
 Olgreb's Toxic Radiance  Pois           0%         N/A       98%         4
 Sticky Flame             Conj/Fire      0%         2d3       98%         4
 Ozocubu's Refrigeration  Ice            0%         4d7       100%        7


Dungeon Overview and Level Annotations

Branches:
Dungeon (10/15)            Temple (0/1) D:7            Lair (0/5) D:10
    Orc: D:9-12

Altars:
Elyvilon
Fedhas
Gozag
Sif Muna
Xom
The Shining One


Innate Abilities, Weirdness & Mutations

You are too large for most types of armour.
You have tough skin. (AC +1)
You are partially covered in iridescent scales. (AC +2)
Your mind is acute. (Int +4, Str/Dex -1)
Your muscles are very strong. (Str +8, Int/Dex -2)


Message History

Your weapon exudes an aura of protection.
The gnoll sergeant is moderately wounded.
You feel very sick.
The gnoll sergeant hits you but does no damage.
You are more poisoned.
The gnoll barely misses you.
The gnoll hits you from afar with a +0 halberd!
You barely miss the gnoll sergeant.
The gnoll sergeant is moderately wounded.
You feel very sick.
The gnoll sergeant hits you with a +3 trident of venom.
* * * LOW HITPOINT WARNING * * *
The gnoll hits you from afar with a +0 spear.
* * * LOW HITPOINT WARNING * * *
The gnoll closely misses you.
Okay, then.
You feel yourself speed up.
You feel very sick.
The gnoll sergeant completely misses you.
The gnoll barely misses you. The gnoll hits you but does no damage.
You feel very sick.
The gnoll sergeant hits you from afar with a +3 trident of venom!
* * * LOW HITPOINT WARNING * * *
Your skin crawls.
You feel strong-willed.
You feel sick.
The gnoll sergeant hits you from afar with a +3 trident of venom.
* * * LOW HITPOINT WARNING * * *
You are lethally poisoned!
Okay, then.
You fail to use your ability.
* * * LOW HITPOINT WARNING * * *
You feel very sick.
A red film seems to cover your vision as you go berserk!
You feel yourself moving faster!
You feel mighty!
You can no longer call in reinforcements.
* * * LOW HITPOINT WARNING * * *
You feel very sick.
The gnoll sergeant hits you from afar with a +3 trident of venom!
You die...

#.....#.....#...............
#...#.....#.....#...............
#...#.....#.....#...............
#...#.....#.....#...............
...#.....g....g#...............
..#.....#.g.gg#.............>.
#.#.....#####g#............##.
##.###§#.....#.##############..
#......#.....#@.....# #.#.
#..§§..'.....#......# #..#
#......#.....#...(..# ##.†
#......#.....#......# ##.
#......#.....#......# ##.#
#......#.....#......# #...
##########.....#...##†###### #.#.
...............######'##...####.#
...............#..............##_


You could see a gnoll sergeant and 3 gnolls.

Vanquished Creatures
  Psyche (D:9)
  Grinder (D:5)
  A steam dragon (D:7)
  The ghost of blackman the Digger, an amateur HuWn of Hepliaklqana (D:3)
  3 water moccasins
  Edmund (D:5)
  An ogre (D:5)
  A sky beast (D:7)
  2 ice beasts (D:5)
  2 orc warriors
  2 centaurs
  A phantom (D:7)
  2 bullfrogs
  3 scorpions
  A gnoll sergeant (D:3)
  2 necrophages
  18 wights
  3 howler monkeys
  2 hounds (D:5)
  An orc priest (D:5)
  A jelly (D:5)
  Jessica (D:3)
  2 iguanas
  Ijyb (D:3)
  3 orc wizards
  3 adders
  5 gnolls
  2 white imps
  An ufetubus (D:5)
  5 worms
  4 dart slugs
  23 orcs
  7 endoplasms
  6 giant cockroaches
  12 goblins
  10 hobgoblins
  10 jackals
  3 kobolds
  2 quokkas
  10 ball pythons
  11 bats
  4 frilled lizards
  15 rats
190 creatures vanquished.

Vanquished Creatures (others)
  11 plants
11 creatures vanquished.

Grand Total: 201 creatures vanquished

Notes
Turn   | Place    | Note
-------+----------+-------------------------------------------
     0 | D:1      | smilodon the Ogre Berserker began the quest for the Orb.
     0 | D:1      | Reached XP level 1. HP: 24/24 MP: 1/1
   101 | D:1      | Reached XP level 2. HP: 32/32 MP: 2/2
   502 | D:1      | Found a faded altar of an unknown god.
   512 | D:1      | Reached skill level 5 in Fighting
   518 | D:1      | Reached XP level 3. HP: 36/42 MP: 3/3
   633 | D:1      | Reached ** piety under Trog
  1185 | D:2      | Reached skill level 6 in Fighting
  1185 | D:2      | Reached XP level 4. HP: 31/52 MP: 4/4
  2632 | D:3      | Noticed Jessica
  2647 | D:3      | Killed Jessica
  2648 | D:3      | Reached XP level 5. HP: 38/61 MP: 5/5
  3031 | D:3      | Found a transporter.
  3053 | D:3      | Noticed blackman's ghost (amateur HuWn)
  3067 | D:3      | Found a transporter.
  3085 | D:3      | Identified a scroll of acquirement
  3085 | D:3      | Acquired a manual of Staves
  3098 | D:3      | Killed blackman's ghost
  3099 | D:3      | Reached skill level 7 in Fighting
  3099 | D:3      | Reached XP level 6. HP: 71/71 MP: 6/6
  3141 | D:3      | Reached *** piety under Trog
  3496 | D:3      | Noticed Ijyb
  3522 | D:3      | Gained mutation: You are partially covered in iridescent
                  | scales. (AC +2) [potion of mutation]
  3522 | D:3      | Gained mutation: Your muscles are strong. (Str +4, Int/Dex
                  | -1) [potion of mutation]
  3522 | D:3      | Gained mutation: Your muscles are very strong. (Str +8,
                  | Int/Dex -2) [potion of mutation]
  3522 | D:3      | Gained mutation: Your mind is acute. (Int +4, Str/Dex -1)
                  | [potion of mutation]
  4213 | D:3      | Killed Ijyb
  4385 | D:4      | Reached XP level 7. HP: 47/78 MP: 7/7
  5109 | D:5      | Entered Level 5 of the Dungeon
  5334 | D:5      | Noticed Grinder
  5691 | D:5      | Identified the +0 leather armour "Miosa Aciedu" {rC+ MP+9}
  5700 | D:5      | Reached skill level 5 in Maces & Flails
  5821 | D:5      | Reached skill level 8 in Fighting
  6117 | D:5      | Reached skill level 5 in Dodging
  6322 | D:5      | Reached XP level 8. HP: 72/88 MP: 8/8
  6840 | D:5      | Killed Grinder
  7541 | D:6      | Reached skill level 9 in Fighting
  7875 | D:5      | Reached XP level 9. HP: 52/98 MP: 9/9
  8728 | D:6      | Noticed Edmund
  8810 | D:5      | Killed Edmund
  9336 | D:6      | Found an opulent altar of Gozag.
  9871 | D:7      | Found a shimmering altar of Xom.
  9893 | D:7      | Found a staircase to the Ecumenical Temple.
  9979 | D:7      | Reached skill level 10 in Fighting
 10409 | D:7      | Found a white marble altar of Elyvilon.
 10531 | D:7      | Found a glowing golden altar of the Shining One.
 10607 | D:7      | You fall into a shaft and drop 3 floors!
 10607 | D:10     | Entered Level 10 of the Dungeon
 10620 | D:10     | Reached XP level 10. HP: 93/110 MP: 10/10
 10641 | D:10     | Noticed a boulder beetle
 10706 | D:9      | Reached **** piety under Trog
 10773 | D:9      | Found a shimmering blue altar of Sif Muna.
 10799 | D:9      | Noticed Psyche
 10812 | D:9      | Killed Psyche
 10918 | D:8      | Found a blossoming altar of Fedhas.
 11067 | D:7      | HP: 5/111 [gnoll sergeant/+3 trident of venom (2)]
 11069 | D:7      | Mangled by a gnoll sergeant

Illustrated notes

Levels and vault maps discovered:
D:1:      moated_graveyard_arrival, layout_loops_ring,
          hellmonk_ecumenical_altar_dog_temple, dk_noncrumbling_3
D:2:      cheibrodos_greedy_goblins, layout_basic,
          chequers_serial_rivers_micro_d
D:3:      cheibrodos_old_hovel, layout_basic, gammafunk_ghost_arena,
          minmay_checkerbox, uniq_ijyb, uniq_jessica
D:4:      layout_basic
D:5:      minmay_chambers_of_fours, layout_cave_pods, chequers_big_river,
          uniq_grinder
D:6:      layout_cave_pools, mainiacjoe_overflow_small_starburst,
          kennysheep_cluttered_room, minmay_hedge_maze, feat_on_display,
          uniq_edmund
D:7:      layout_gridville, marbit_many_paths, mainiacjoe_overflow_paths,
          mainiacjoe_overflow_alcove_4, temple_fountains
D:8:      layout_cave_pools, fedhas_altar_1,
          beargit_hepliaklqana_dungeon_heroes, okawaru_gym_becter, special_room
          [special_room_orc], serial_glass, glass_columns_b, glass_columns_c,
          minmay_misc_feat_doors, uniq_gastronok, uniq_pikel
D:9:      layout_long_grid, mainiacjoe_overflow_boulevard,
          kennysheep_slug_shrine, kennysheep_mini_moat, uniq_harold,
          uniq_psyche, uniq_maurice
D:10:     nicolae_cairo_tiling, layout_layer_cave,
          mainiacjoe_overflow_concentric_impassable,
          nicolae_dithmenos_the_darkroom, lair_entry_dummy,
          gammafunk_ghost_smash, minivault_10, uniq_erica

Skill      XL: |  1  2  3  4  5  6  7  8  9 10 |
---------------+-------------------------------+-----
Fighting       | 5 6 7 8 9 10 | 10.5
Maces & Flails | 3 4 5 6 8 9 |  9.1
Dodging        | 3 4 5 6 7 8 |  8.0

Action                   |  1- 3 |  4- 6 |  7- 9 | 10-12 || total
-------------------------+-------+-------+-------+-------++-------
Melee: Mace              |   136 |   211 |   136 |       ||   483
       Punch             |       |     1 |     1 |       ||     2
       Giant club        |       |       |    92 |       ||    92
       Dire flail        |       |       |    45 |    47 ||    92
Throw: Dart              |       |       |     1 |       ||     1
Invok: Berserk           |       |     5 |     3 |     2 ||    10
       Trog's Hand       |       |     4 |     3 |     2 ||     9
  Use: Scroll            |       |     9 |     9 |     1 ||    19
       Potion            |       |     4 |     3 |     1 ||     8
 Stab: Sleeping          |       |     1 |       |       ||     1
Armor: Animal skin       |    71 |     2 |       |       ||    73
       Robe              |       |    66 |    72 |    29 ||   167
Dodge: Dodged            |    92 |   157 |   143 |    24 ||   416
